 Dungeon Crawl Stone Soup version 0.31.0-1-g2c135a008e (webtiles) character file.

Game seed: 16290423563812241682

4074 qw the Skirmisher (level 10, -6/73 HPs)
             Began as a Djinni Hunter on Jan 24, 2024.
             Was a Priest of Okawaru.
             Mangled by a blink frog (12 damage)
             ... on level 1 of the Lair of Beasts.
             The game lasted 00:00:38 (6970 turns).

qw the Skirmisher (Djinni Hunter)                   Turns: 6970, Time: 00:00:39

Health: -6/73      AC:  9    Str: 10    XL:     10   Next: 49%
Gold:   410        EV: 17    Int: 11    God:    Okawaru [***...] SH:  0 Dex: 21

rFire   + + .        a - +3 shortbow (flame)
rCold   x . .        (shield currently unavailable)
rNeg    . . .        k - +3 leather armour
rPois   inf          h - +0 helmet
rElec   .            l - +0 cloak
rCorr   .            d - +0 pair of gloves
SInv    +            (boots unavailable)
Will    ++...        j - amulet of regeneration
Stlth   ++           n - ring of see invisible
HPRegen 1.12/turn    c - ring of willpower
MPRegen 0.00/turn

%: infuse magic (-7 HP)
@: flying
A: sickness immunity, fire resistance 2, cold vulnerability 1, float, innate
caster, HP casting, extra vitality 1
a: Renounce Religion, Heroism


You were on level 1 of the Lair of Beasts.
You worshipped Okawaru.
Okawaru was most pleased with you.
You visited 3 branches of the dungeon, and saw 10 of its levels.

You collected 453 gold pieces.
You spent 43 gold pieces at shops.


Innate Abilities, Weirdness & Mutations

You are immune to sickness and miasma.
You are immune to poison.
Your flesh is very heat resistant. (rF++)
You are vulnerable to cold. (rC-)
You float through the air rather than walking.
You learn spells naturally, not from books.
Your magical power is your life essence.
You have superior vitality. (+4 MHP)


   Skills:
 + Level 6.9 Fighting
 - Level 9.0 Ranged Weapons
 - Level 2.2 Armour
 - Level 7.8 Dodging
 - Level 0.7 Stealth
 - Level 4.0 Invocations


You knew the following spells:

 Your Spells              Type           Power      Damage    Failure   Level
a - Magic Dart            Conj           0%         1d3       43%         1
b - Call Imp              Summ           0%         N/A       56%         2
c - Volatile Blastmotes   Fire/Tloc      0%         2d10      80%         3
d - Fulminant Prism       Conj/Alch      0%         3d5       99%         4
Your spell library was empty.

Inventory:

Hand Weapons
 a - a +3 shortbow of flaming (weapon)
Armour
 d - a +0 pair of gloves (worn)
 h - a +0 helmet (worn)
 k - a +3 leather armour (worn)
 l - a +0 cloak (worn)
Jewellery
 c - a ring of willpower (right hand)
 i - a ring of see invisible
 j - an amulet of regeneration (around neck)
 n - a ring of see invisible (left hand)
Scrolls
 f - a scroll of identify
Potions
 e - a potion of resistance
 g - 2 potions of curing
 m - a potion of enlightenment

Dungeon Overview and Level Annotations

Branches:
Dungeon (8/15)             Temple (1/1) D:5            Lair (1/5) D:8

Altars:
Ashenzari
Dithmenos
Fedhas
Hepliaklqana
Makhleb
Nemelex Xobeh
Okawaru
Qazlal
Ru
Trog
Uskayaw
Wu Jian
Xom
Yredelemnul
The Shining One

Shops:
D:1 *   D:6 [=:(

Annotations:
D:3 1 runed translucent door, Crazy Yiuf
D:4 3 runed translucent doors, qw's ghost, amateur DjHu
D:6 3 runed translucent doors, qw's ghost, novice DjHu


Message History

Okawaru is honoured by your kill. The blink frog misses you.
The blink frog closely misses you.
You shoot an arrow. The arrow hits the blink frog!
The arrow burns the blink frog.
The blink frog is moderately wounded.
The blink frog blinks!
The blink frog hits you!
The blink frog blinks!
The blink frog misses you.
You shoot an arrow. The arrow hits the blink frog!
The arrow burns the blink frog.
The blink frog is severely wounded.
The blink frog closely misses you. The blink frog completely misses you.
You shoot an arrow. The arrow hits the blink frog!
The arrow burns the blink frog.
You kill the blink frog!
Okawaru is honoured by your kill.
You shoot an arrow. The arrow hits the blink frog.
The arrow burns the blink frog.
The blink frog is lightly wounded.
The blink frog hits you! The blink frog closely misses you.
You shoot an arrow. The arrow hits the blink frog!
The arrow burns the blink frog.
The blink frog is heavily wounded.
You feel like a meek peon again. The blink frog barely misses you.
The blink frog blinks!
You shoot an arrow. The arrow barely misses the blink frog.
The blink frog closely misses you. The blink frog completely misses you.
The blink frog barely misses you.
The blink frog blinks!
You shoot an arrow. The arrow hits the blink frog!
The arrow burns the blink frog.
The blink frog is heavily wounded.
The blink frog blinks!
The blink frog barely misses you.
You shoot an arrow. The arrow misses the blink frog.
The blink frog completely misses you.
You shoot an arrow.
The arrow closely misses the blink frog.
The blink frog misses you. The blink frog hits you. The blink frog hits you!
The blink frog completely misses you.
The blink frog blinks!
You shoot an arrow. The arrow barely misses the blink frog.
The blink frog hits you. The blink frog hits you!
You die...

#... ..... ....
#..# #..#
#####..###
###.#.#^.#@###...
#........FF%.ยค....
#.................
#...<.......###...
#...........# ..
#...........#
#...........#
#...........P#
##...........##


You could see 2 blink frogs.

Vanquished Creatures
  2 cane toads (Lair:1)
  Prince Ribbit (D:7)
  2 blink frogs (Lair:1)
  A water moccasin (D:6)
  2 black bears (D:5)
  2 orc warriors
  4 ogres
  4 sky beasts
  A phantom (D:5)
  3 kobold brigands
  3 bullfrogs
  A scorpion (D:5)
  5 killer bees (D:8)
  2 bombardier beetles
  4 hounds
  2 jellies
  5 orc priests
  A sleepcap (D:7)
  Natasha (thrice) (D:3)
  5 iguanas
  4 orc wizards
  Terence (D:3)
  14 adders
  2 white imps
  2 ufetubi (D:6)
  3 dart slugs
  A ribbon worm (D:3)
  17 orcs
  3 ball pythons
  6 endoplasms
  4 giant cockroaches
  6 goblins
  5 hobgoblins
  4 jackals (D:3)
  4 quokkas
  7 bats
  5 frilled lizards
  16 kobolds
  2 rats (D:3)
159 creatures vanquished.

Notes
Turn   | Place    | Note
-------+----------+-------------------------------------------
     0 | D:1      | qw the Djinni Hunter began the quest for the Orb.
     0 | D:1      | Reached XP level 1. HP: 18/18 MP: 0/0
     0 | D:1      | 0 ||| qw: Version: 0.3-a-136-gdd3b4e8
     0 | D:1      | 0 ||| qw: Game counter: 1447
     0 | D:1      | 0 ||| qw: Melee chars always use a shield: true
     0 | D:1      | 0 ||| qw: God list: Okawaru
     0 | D:1      | 0 ||| qw: Allow faded altars: false
     0 | D:1      | 0 ||| qw: Do Orc after clearing Dungeon:15 true
     0 | D:1      | 0 ||| qw: Do second Lair branch before Depths: true
     0 | D:1      | 0 ||| qw: Lair rune preference: random
     0 | D:1      | 0 ||| qw: Goals: Normal
     0 | D:1      | 0 ||| PLANNING D:1-11
    43 | D:1      | Reached XP level 2. HP: 23/23 MP: 0/0
   603 | D:1      | Reached XP level 3. HP: 27/28 MP: 0/0
   603 | D:1      | Learned a level 1 spell: Magic Dart
   604 | D:1      | Reached skill level 4 in Ranged Weapons
   611 | D:1      | Found Epho's Assorted Antiques.
   618 | D:1      | 618 ||| SHOPLISTING dazzling helmet (218 gold, have 43).
   618 | D:1      | 618 ||| BUYING metallic brown potion (20 gold).
   618 | D:1      | Bought a metallic brown potion for 20 gold pieces
   618 | D:1      | 618 ||| SHOPLISTING runed shortbow (138 gold, have 23).
   618 | D:1      | 618 ||| BUYING scroll labelled MUIM ZILIZXU (23 gold).
   618 | D:1      | Bought a scroll labelled MUIM ZILIZXU for 23 gold pieces
   618 | D:1      | 618 ||| SHOPLISTING scroll labelled PILILE OMMAFA (23 gold,
                  | have 0).
   618 | D:1      | 618 ||| SHOPLISTING yellow potion (20 gold, have 0).
   770 | D:1      | 770 ||| UPGRADING to +0 ring mail.
   780 | D:1      | 780 ||| DROPPING +0 leather armour.
   781 | D:1      | 781 ||| READING scroll labelled SUFOANUIM.
   882 | D:1      | 882 ||| READING scroll labelled SYIHAAQ OTUL.
   883 | D:1      | 883 ||| READING scroll labelled ESA MAPAOFROFI.
   984 | D:1      | 984 ||| READING 2 scrolls labelled SAMIUP ZUGINURR.
   985 | D:1      | 985 ||| READING scroll labelled MUIM ZILIZXU.
   988 | D:1      | 988 ||| DROPPING scroll of butterflies.
   989 | D:1      | 989 ||| DROPPING scroll of blinking.
  1029 | D:2      | 1029 ||| STAIRDANCE
  1042 | D:1      | Reached skill level 1 in Armour
  1201 | D:2      | Reached XP level 4. HP: 34/34 MP: 0/0
  1254 | D:2      | Reached skill level 3 in Fighting
  1485 | D:2      | Found a sparkling altar of Nemelex Xobeh.
  1590 | D:2      | Reached XP level 5. HP: 39/40 MP: 0/0
  1590 | D:2      | Learned a level 2 spell: Call Imp
  2032 | D:2      | 2032 ||| READING scroll labelled PILILE OMMAFA.
  2032 | D:2      | 2032 ||| ENCHANTING +0 shortbow.
  2033 | D:2      | 2033 ||| READING scroll labelled WUTZIOPITE.
  2033 | D:2      | 2033 ||| BRANDING +1 shortbow.
  2034 | D:2      | 2034 ||| DRINKING 2 yellow potions.
  2035 | D:2      | 2035 ||| DROPPING potion of degeneration.
  2071 | D:3      | Noticed Natasha
  2077 | D:3      | Killed Natasha
  2089 | D:3      | Noticed Terence
  2096 | D:3      | Killed Terence
  2105 | D:3      | Reached XP level 6. HP: 32/46 MP: 0/0
  2129 | D:3      | Noticed an ogre
  2130 | D:3      | 2130 ||| FLEEEEING.
  2131 | D:3      | 2131 ||| FLEEEEING.
  2132 | D:3      | 2132 ||| FLEEEEING.
  2133 | D:3      | 2133 ||| FLEEEEING.
  2138 | D:3      | 2138 ||| FLEEEEING.
  2139 | D:3      | 2139 ||| FLEEEEING.
  2140 | D:3      | 2140 ||| FLEEEEING.
  2141 | D:3      | 2141 ||| FLEEEEING.
  2145 | D:3      | Killed an ogre
  2146 | D:3      | Reached skill level 5 in Ranged Weapons
  2175 | D:3      | Noticed Natasha
  2176 | D:3      | 2176 ||| FLEEEEING.
  2263 | D:3      | Noticed an ogre
  2269 | D:3      | HP: 11/46 [ogre/+0 giant club (14)]
  2270 | D:3      | Killed an ogre
  2271 | D:3      | Reached skill level 3 in Dodging
  2271 | D:3      | Reached XP level 7. HP: 13/50 MP: 0/0
  2271 | D:3      | Learned a level 3 spell: Volatile Blastmotes
  2276 | D:3      | HP: 12/50 [hobgoblin (1)]
  2281 | D:3      | 2281 ||| FLEEEEING.
  2302 | D:3      | 2302 ||| FLEEEEING.
  2543 | D:3      | 2543 ||| FLEEEEING.
  2544 | D:3      | 2544 ||| FLEEEEING.
  2546 | D:3      | Killed Natasha
  2634 | D:3      | Noticed Natasha
  2639 | D:3      | Killed Natasha
  2743 | D:3      | Found a burning altar of Makhleb.
  2743 | D:3      | Noticed a blizzard demon
  2797 | D:3      | Found a shimmering altar of Xom.
  2891 | D:3      | Found a runed translucent door.
  2892 | D:3      | Noticed Crazy Yiuf
  2895 | D:3      | 2895 ||| UPGRADING to +0 pair of gloves.
  2900 | D:3      | 2900 ||| UPGRADING to +0 cloak.
  2905 | D:3      | 2905 ||| UPGRADING to amulet of regeneration.
  2910 | D:3      | 2910 ||| READING 2 scrolls labelled UBAKHUBUOTT.
  2910 | D:3      | 2910 ||| IDENTIFYING lumpy grey potion
  2911 | D:3      | 2911 ||| READING scroll of identify.
  2911 | D:3      | 2911 ||| IDENTIFYING smoky inky potion
  2912 | D:3      | 2912 ||| DROPPING potion of magic.
  2986 | D:4      | 2986 ||| DRINKING purple potion.
  2987 | D:4      | 2987 ||| DRINKING fizzy orange potion.
  2988 | D:4      | 2988 ||| DRINKING white potion.
  3058 | D:4      | Found a runed translucent gate.
  3059 | D:4      | Noticed qw's ghost (amateur DjHu)
  3060 | D:4      | Found a runed translucent gate.
  3112 | D:4      | Reached skill level 6 in Ranged Weapons
  3308 | D:4      | Found a sparkling altar of Nemelex Xobeh.
  3456 | D:4      | Found a runed translucent gate.
  3528 | D:4      | 3528 ||| DROPPING ring of wizardry.
  3529 | D:4      | 3529 ||| READING scroll labelled COINIURCHAA.
  3543 | D:5      | Entered Level 5 of the Dungeon
  3571 | D:5      | Reached XP level 8. HP: 47/58 MP: 0/0
  3625 | D:5      | 3625 ||| READING scroll of enchant weapon.
  3625 | D:5      | 3625 ||| ENCHANTING +1 shortbow of freezing.
  3640 | D:5      | Found a staircase to the Ecumenical Temple.
  3641 | D:5      | 3641 ||| PLANNING TEMPLE
  3646 | Temple   | Entered the Ecumenical Temple
  3647 | Temple   | 3647 ||| PLANNING OKAWARU WORSHIP
  3657 | Temple   | Became a worshipper of Warmaster Okawaru
  3658 | Temple   | 3658 ||| PLANNING D:1-11
  3771 | D:5      | 3771 ||| RETREEEEATING.
  3772 | D:5      | 3772 ||| FLEEEEING.
  3773 | D:5      | 3773 ||| FLEEEEING.
  3774 | D:5      | 3774 ||| FLEEEEING.
  3775 | D:5      | 3775 ||| FLEEEEING.
  3776 | D:5      | 3776 ||| FLEEEEING.
  3777 | D:5      | 3777 ||| FLEEEEING.
  3778 | D:5      | 3778 ||| FLEEEEING.
  3779 | D:5      | 3779 ||| FLEEEEING.
  3780 | D:5      | 3780 ||| FLEEEEING.
  3781 | D:5      | 3781 ||| FLEEEEING.
  3782 | D:5      | 3782 ||| FLEEEEING.
  3783 | D:5      | 3783 ||| FLEEEEING.
  3784 | D:5      | 3784 ||| FLEEEEING.
  3785 | D:5      | 3785 ||| FLEEEEING.
  3786 | D:5      | 3786 ||| FLEEEEING.
  3787 | D:5      | 3787 ||| FLEEEEING.
  3788 | D:5      | 3788 ||| FLEEEEING.
  3789 | D:5      | 3789 ||| FLEEEEING.
  3790 | D:5      | 3790 ||| FLEEEEING.
  3791 | D:5      | 3791 ||| STAIRDANCE
  3825 | D:4      | 3825 ||| UPGRADING to +0 helmet.
  3830 | D:4      | 3830 ||| READING scroll labelled OTAPPO SINAL.
  3860 | D:5      | 3860 ||| FLEEEEING.
  4029 | D:5      | Reached skill level 7 in Ranged Weapons
  4030 | D:5      | Found a sacrificial altar of Ru.
  4110 | D:5      | Found a bloodstained altar of Trog.
  4216 | D:5      | Reached * piety under Okawaru
  4313 | D:5      | Found a stormy altar of Qazlal.
  4333 | D:5      | 4333 ||| UPGRADING to +3 leather armour.
  4343 | D:5      | 4343 ||| DROPPING +0 ring mail.
  4344 | D:5      | 4344 ||| UPGRADING to ring of see invisible.
  4345 | D:5      | 4345 ||| READING scroll labelled BAGIOS INAVUDO.
  4400 | D:6      | Found Muokhluo's Jewellery Shoppe.
  4404 | D:6      | 4404 ||| SHOPLISTING amulet of reflection (360 gold, have
                  | 181).
  4404 | D:6      | 4404 ||| SHOPLISTING ring of ice (300 gold, have 181).
  4404 | D:6      | 4404 ||| SHOPLISTING ring of positive energy (240 gold,
                  | have 181).
  4404 | D:6      | 4404 ||| SHOPLISTING ring of resist corrosion (240 gold,
                  | have 181).
  4412 | D:6      | Noticed a walking divine tome
  4495 | D:6      | Found Segourchuosi's Armour Shoppe.
  4499 | D:6      | 4499 ||| SHOPLISTING +2 leather armour of cold resistance
                  | (228 gold, have 209).
  4559 | D:6      | Reached skill level 1 in Invocations
  4601 | D:6      | Found Fyacro's Antique Weapon Shop.
  4672 | D:6      | Reached XP level 9. HP: 65/65 MP: 0/0
  4672 | D:6      | Learned a level 4 spell: Fulminant Prism
  4771 | D:6      | Noticed a walking earthen tome
  4774 | D:6      | Found Oleequf's Book Shoppe.
  4874 | D:6      | Found a runed translucent gate.
  4875 | D:6      | Found a runed translucent gate.
  4876 | D:6      | Found a runed translucent gate.
  4877 | D:6      | Noticed qw's ghost (novice DjHu)
  4878 | D:6      | Noticed qw's ghost (novice DjHu)
  4878 | D:6      | Noticed qw's ghost (novice DjHu)
  4894 | D:6      | Identified the +1 falchion "Miwn" {protect, rElec MP-9
                  | Int+8 Stlth-}
  5009 | D:6      | 5009 ||| READING scroll of brand weapon.
  5009 | D:6      | 5009 ||| BRANDING +2 shortbow of freezing.
  5116 | D:6      | 5116 ||| DROPPING wand of flame (14).
  5201 | D:7      | Found a shadowy altar of Dithmenos.
  5220 | D:7      | Noticed Prince Ribbit
  5221 | D:7      | 5221 ||| INVOKING Heroism.
  5230 | D:7      | Killed Prince Ribbit
  5231 | D:7      | Reached skill level 3 in Invocations
  5327 | D:7      | Found a faded altar of an unknown god.
  5336 | D:7      | HP: 10/65 [orc warrior/+4 flail (16)]
  5337 | D:7      | 5337 ||| READING scroll of teleportation.
  5338 | D:7      | 5338 ||| DRINKING 3 potions of heal wounds.
  5364 | D:7      | Reached skill level 8 in Ranged Weapons
  5487 | D:7      | 5487 ||| READING scroll of enchant weapon.
  5487 | D:7      | 5487 ||| ENCHANTING +2 shortbow of flaming.
  5679 | D:7      | Reached ** piety under Okawaru
  5680 | D:7      | Reached skill level 6 in Dodging
  5953 | D:7      | HP: 10/65 [orc warrior/+4 flail (16)]
  5954 | D:7      | 5954 ||| DRINKING 2 potions of heal wounds.
  5994 | D:7      | Found a hazy altar of Hepliaklqana.
  6021 | D:7      | 6021 ||| UPGRADING to ring of willpower.
  6081 | D:8      | Reached skill level 6 in Fighting
  6144 | D:8      | 6144 ||| RETREEEEATING.
  6146 | D:8      | 6146 ||| RETREEEEATING.
  6148 | D:8      | 6148 ||| RETREEEEATING.
  6150 | D:8      | 6150 ||| RETREEEEATING.
  6165 | D:8      | Reached XP level 10. HP: 68/72 MP: 0/0
  6339 | D:8      | Found a staircase to the Lair.
  6708 | D:8      | Reached skill level 9 in Ranged Weapons
  6826 | D:8      | 6826 ||| PLANNING LAIR
  6826 | D:8      | 6826 ||| READING 2 scrolls of identify.
  6826 | D:8      | 6826 ||| IDENTIFYING metallic brown potion
  6827 | D:8      | 6827 ||| READING scroll of identify.
  6827 | D:8      | 6827 ||| IDENTIFYING 2 fizzy puce potions
  6828 | D:8      | 6828 ||| DROPPING 2 potions of attraction.
  6911 | Lair:1   | Entered Level 1 of the Lair of Beasts
  6925 | Lair:1   | Noticed a cane toad
  6927 | Lair:1   | 6927 ||| RETREEEEATING.
  6929 | Lair:1   | 6929 ||| RETREEEEATING.
  6930 | Lair:1   | 6930 ||| RETREEEEATING.
  6931 | Lair:1   | 6931 ||| RETREEEEATING.
  6931 | Lair:1   | Noticed a cane toad
  6932 | Lair:1   | 6932 ||| RETREEEEATING.
  6933 | Lair:1   | 6933 ||| RETREEEEATING.
  6934 | Lair:1   | 6934 ||| RETREEEEATING.
  6935 | Lair:1   | 6935 ||| INVOKING Heroism.
  6947 | Lair:1   | HP: 12/72 [blink frog (13)]
  6948 | Lair:1   | 6948 ||| DRINKING potion of heal wounds.
  6953 | Lair:1   | Killed a cane toad
  6960 | Lair:1   | Killed a cane toad
  6960 | Lair:1   | Reached *** piety under Okawaru
  6964 | Lair:1   | HP: 14/73 [blink frog (9)]
  6969 | Lair:1   | HP: 15/73 [blink frog (4)]
  6969 | Lair:1   | HP: 6/73 [blink frog (9)]
  6970 | Lair:1   | Mangled by a blink frog

Levels and vault maps discovered:
D:1:      scummos_arrival_checkerplants, layout_basic, serial_shops, shop
D:2:      layout_basic, basic_altar, kennysheep_pointless_box
D:3:      layout_basic, makhleb_altar_promises_db,
          mainiacjoe_overflow_boulevard, gammafunk_temple_overflow_elements,
          uniq_natasha, uniq_crazy_yiuf_cottage, uniq_terence
D:4:      layout_cave_pools, nemelex_spade_bored_becter,
          gammafunk_ghost_nasty_kobolds
D:5:      layout_gridville, grunt_qazlal_clouds, mainiacjoe_overflow_chevrons,
          nicolae_ru_awakened_eye, temple_green
D:6:      layout_basic, gammafunk_ghost_cemetery, serial_shops,
          nicolae_shop_competitors_out_of_business, shop,
          nicolae_shop_mannequins, nicolae_shop_pleasant_corner_grove
D:7:      layout_cave_pods, marbit_many_paths,
          beargit_hepliaklqana_dungeon_heroes, uniq_prince_ribbit1
D:8:      layout_basic, dpeg_oklobed_lair, serial_curves, eino_curves_02,
          eino_curves_01, chequers_serial_rivers_micro_a
Temple:   hellmonk_temple_flake
Lair:1:   layout_small_grid, uniq_fannar

Skill      XL: |  1  2  3  4  5  6  7  8  9 10 |
---------------+-------------------------------+-----
Ranged Weapons | 4 5 6 7 8 9 |  9.0
Armour         | 1 2 |  2.2
Fighting       | 3 4 5 6 |  6.9
Dodging        | 3 5 6 7 |  7.8
Invocations    | 1 4 |  4.0
Stealth        | |  0.7

Action                     |  1- 3 |  4- 6 |  7- 9 | 10-12 || total
---------------------------+-------+-------+-------+-------++-------
   Fire: Shortbow          |    87 |    88 |   394 |    91 ||   660
 Invoke: Heroism           |       |       |     1 |     1 ||     2
    Use: Scroll            |     5 |     2 |     9 |     2 ||    18
         Potion            |       |     1 |     5 |     1 ||     7
 Armour: Leather armour    |     4 |       |   100 |    39 ||   143
         Ring mail         |    26 |    36 |   121 |       ||   183
  Dodge: Dodged            |    22 |    33 |   180 |    85 ||   320

Table legend:
 A = Non-vault XP
 B = Vault XP
 C = Vault XP percentage of total XP
 D = Non-vault monster count
 E = Vault monster count
 F = Vault count percentage of total count
                 A         B        C        D         E       F
            +---------+---------+-------+---------+---------+-------
      Total |    5289 |     531 |   9.1 |     154 |       5 |   3.1
            +---------+---------+-------+---------+---------+-------
        D:1 |      46 |       0 |   0.0 |      20 |       0 |   0.0
        D:2 |     136 |       0 |   0.0 |      21 |       0 |   0.0
        D:3 |     428 |      67 |  13.5 |      26 |       2 |   7.1
        D:4 |     253 |       0 |   0.0 |      17 |       0 |   0.0
        D:5 |     765 |       0 |   0.0 |      18 |       0 |   0.0
        D:6 |     337 |       0 |   0.0 |       8 |       0 |   0.0
        D:7 |     971 |     464 |  32.3 |      17 |       3 |  15.0
        D:8 |     999 |       0 |   0.0 |      23 |       0 |   0.0
     Lair:1 |    1354 |       0 |   0.0 |       4 |       0 |   0.0
            +---------+---------+-------+---------+---------+-------
